 Dungeon Crawl Stone Soup version 0.29-a0-813-g4a14ea37d6 (webtiles) character file.

Game seed: 12097010798844990860

46 LynnLen the Sneak (level 3, -1/24 HPs)
             Began as a Vampire Enchanter on July 5, 2022.
             Slain by a jelly (3 damage)
             ... on level 2 of the Dungeon.
             The game lasted 00:05:42 (1025 turns).

LynnLen the Sneak (Vampire Enchanter)               Turns: 1025, Time: 00:05:43

Health: -1/24      AC: -5    Str:  7    XL:     3   Next: 44%
Magic:  6/6        EV: 12    Int: 17    God:
Gold:   69         SH:  0    Dex: 16    Spells: 6/6 levels left

rFire   . . .      SeeInvis +   a - +1 dagger
rCold   . . .      Faith    .   (no shield)
rNeg    . . .      Spirit   .   i - +0 leather armour
rPois   .          Reflect  .   (no helmet)
rElec   .          Harm     .   (no cloak)
rCorr   .          Rampage  .   (no gloves)
Will    .....                   (no boots)
Stlth   +++.......              (no amulet)
HPRegen 0.28/turn               (no ring)
MPRegen 0.10/turn               (no ring)

@: corroded, healing quickly
A: alive, fangs 3, see invisible, vampiric 2
a: Exsanguinate


You were on level 2 of the Dungeon.
You visited 1 branch of the dungeon, and saw 2 of its levels.

You collected 97 gold pieces.
You spent 28 gold pieces at shops.

Inventory:

Hand Weapons
 a - a +1 dagger (weapon)
Armour
 i - a +0 leather armour (worn)
Jewellery
 h - a ring of magical power
Scrolls
 b - a scroll of teleportation {unknown}
 j - a scroll of magic mapping {unknown}
 l - a scroll of blinking {unknown}
 m - a scroll of silence {unknown}
Potions
 c - 3 potions of invisibility
 e - a potion of flight
 g - a potion of mutation {unknown}
 k - a potion of attraction {unknown}


   Skills:
 + Level 1.7 Short Blades
 * Level 2.4 Dodging
 * Level 5.6 Stealth
 + Level 2.0 Spellcasting
 + Level 5.2 Hexes


You had 6 spell levels left.
You didn't know any spells.
Your spell library contained the following spells:

 Spells                   Type           Power      Damage    Failure   Level
 Confusing Touch          Hex            19%        N/A       11%         3
 Tukima's Dance           Hex            19%        N/A       11%         3
 Ensorcelled Hibernation  Hex/Ice        20%        N/A       16%         2
 Necrotise                Necr           4%         1d4       28%         1
 Dazzling Flash           Conj/Hex       20%        N/A       30%         3
 Spider Form              Tmut/Pois      1%         N/A       65%         3
 Vampiric Draining        Necr           1%         2d6       65%         3
 Anguish                  Hex/Necr       5%         N/A       69%         4
 Agony                    Necr           1%         N/A       100%        5


Dungeon Overview and Level Annotations

Branches:
Dungeon (2/15)

Altars:

Shops:
D:1 [


Innate Abilities, Weirdness & Mutations

Your natural rate of healing is accelerated.
You have razor-sharp teeth.
You have supernaturally acute eyesight. (SInv)
You are afflicted with vampirism and can become a bat while bloodless.


Message History

The hobgoblin is severely wounded.
The hobgoblin barely misses you.
You closely miss the hobgoblin.
The hobgoblin is severely wounded.
The hobgoblin barely misses you.
You closely miss the hobgoblin. You bite the hobgoblin.
You kill the hobgoblin!
The jelly quivers.
Things that are here:
the +0 flail "Toqugoaner" {vamp, +Blink rF+ Str-5 Stlth+}; a +0 robe You feel much better.
The jelly completely misses you.
You hit the jelly.
Your hands burn!
The jelly is lightly wounded.
The jelly hits you.
You are splashed with acid.
You hit the jelly.
Your hands burn!
The jelly is moderately wounded.
The jelly barely misses you.
You hit the jelly. The acid corrodes you!
Your hands burn!
The jelly is heavily wounded.
The jelly misses you.
You feel much better. The jelly barely misses you.
You hit the jelly but do no damage. The acid corrodes you!
Your hands burn!
The jelly is moderately wounded.
The jelly hits you.
You are splashed with acid!
You feel better. The jelly barely misses you.
You feel better. The jelly barely misses you.
You hit the jelly.
Your hands burn!
You bite the jelly, but do no damage.
The jelly is severely wounded.
The jelly barely misses you.
You hit the jelly.
Your hands burn!
The jelly is severely wounded.
The jelly hits you.
You are splashed with acid!
* * * LOW HITPOINT WARNING * * *
You hit the jelly.
Your hands burn!
* * * LOW HITPOINT WARNING * * *
You bite the jelly, but do no damage.
The jelly is almost dead.
The jelly hits you.
You die...

##...####....##.....#......#
.>..........###.....#....#..
.........................# #
............###............
........)...# #.....#......####
............###.###.#..........#
..................#..........#.
..............................
...........[....@J..........# .
..........#.#...............###..
..###.....#......................
.## #.....#.#............J<.###..
.## #.....................†.# #
..####.......(!÷.......>....#
#..........##.....###########
##........###.#.###
##........##..#.#


You could see a jelly.

Vanquished Creatures
  2 adders (D:2)
  A worm (D:2)
  A ball python (D:1)
  An endoplasm (D:1)
  A giant cockroach (D:2)
  3 hobgoblins
  A kobold (D:2)
  2 quokkas
  2 bats (D:1)
  4 frilled lizards
  3 goblins
  4 rats
25 creatures vanquished.

Notes
Turn   | Place    | Note
-------+----------+-------------------------------------------
     0 | D:1      | LynnLen the Vampire Enchanter began the quest for the Orb.
     0 | D:1      | Reached XP level 1. HP: 13/13 MP: 3/3
   188 | D:1      | Found a faded altar of an unknown god.
   188 | D:1      | Noticed a soul eater
   234 | D:1      | Reached XP level 2. HP: 19/19 MP: 5/5
   313 | D:1      | Found Zuupn's Armour Boutique.
   326 | D:1      | Bought a +0 leather armour for 28 gold pieces
   582 | D:1      | Reached skill level 5 in Hexes
   618 | D:2      | Reached skill level 5 in Stealth
   765 | D:2      | Gained mutation: You are afflicted with vampirism and can
                  | become a bat while bloodless. [Vampire growth]
   765 | D:2      | Reached XP level 3. HP: 24/24 MP: 6/6
   993 | D:2      | Identified the +0 flail "Toqugoaner" {vamp, +Blink rF+
                  | Str-5 Stlth+}
  1025 | D:2      | Slain by a jelly

Illustrated notes

Levels and vault maps discovered:
D:1:      dpeg_arrival_ternary, layout_rooms,
          dreamdust_ecumenical_altar_sealed_demon, serial_shops,
          nicolae_shop_advertising_works [nicolae_subvault_shop_adworks]
D:2:      layout_rooms, basic_altar

Skill      XL: |  1  2 |
---------------+-------+-----
Hexes          | 5 |  5.2
Stealth        | 5 |  5.6
Short Blades   | |  1.7
Dodging        | |  2.4
Spellcasting   | |  2.0

Action                   || total
-------------------------++-------
Melee: Dagger            ||    87
       Bite              ||    12
       Punch             ||     1
  Use: Scroll            ||     4
       Potion            ||     4
 Stab: Sleeping          ||     3
Armor: Robe              ||     9
       Leather armour    ||    14
Dodge: Dodged            ||    55

Table legend: (Time is in decaauts)
 A = Elapsed time spent in this place.
 B = Non-inter-level travel time spent in this place.
 C = Inter-level travel time spent in this place.
 D = Time resting spent in this place.
 E = Time spent auto-exploring this place.
 F = Levels seen in this place.
 G = Mean time per level.
                   A        B        C        D        E       F      G
               +--------+--------+--------+--------+--------+-----+--------+
         Total |   1020 |   1020 |      0 |     54 |    370 |   2 |  510.0 |
       Dungeon |   1020 |   1020 |      0 |     54 |    370 |   2 |  510.0 |
               +--------+--------+--------+--------+--------+-----+--------+

Top non-repeatable levels by time:
     D:1: 586 daAuts
     D:2: 433 daAuts
